 Dungeon Crawl Stone Soup version 0.28-a0-1213-g0243856f03 (webtiles) character file.

Game seed: 15300349199425294871

136 siradein the Magician (level 4, 0/24 HPs)
             Began as a Deep Elf Hedge Wizard on Dec 21, 2021.
             Killed by divine providence
             ... invoked by an orc priest
              (7 damage)
             ... on level 3 of the Dungeon.
             The game lasted 00:10:30 (2725 turns).

siradein the Magician (Deep Elf Hedge Wizard)       Turns: 2725, Time: 00:10:31

Health: 0/24       AC:  2    Str:  7    XL:     4   Next: 98%
Magic:  1/13       EV: 13    Int: 21    God:
Gold:   54         SH:  0    Dex: 14    Spells: 1/13 levels left

rFire   . . .      SeeInvis .   f - staff of earth
rCold   . . .      Faith    .   (no shield)
rNeg    . . .      Spirit   .   b - +0 robe
rPois   .          Reflect  .   c - +0 hat
rElec   .          Harm     .   (no cloak)
rCorr   .          Rampage  .   (no gloves)
Will    .....                   (no boots)
Stlth   ++........              (no amulet)
HPRegen 0.08/turn               (no ring)
MPRegen 0.13/turn               (no ring)

@: no status effects
A: no striking features
a: no special abilities


You were on level 3 of the Dungeon.
You visited 1 branch of the dungeon, and saw 3 of its levels.

You collected 54 gold pieces.

Inventory:

Missiles
 k - a throwing net
Armour
 b - a +0 robe (worn)
 c - a +0 hat (worn)
Magical Staves
 f - a staff of earth (weapon)
Scrolls
 a - a scroll of noise {unknown}
 d - a scroll of amnesia {unknown}
 g - a scroll of magic mapping {unknown}
 j - a scroll of immolation {unknown}
Potions
 e - 2 potions of brilliance {unknown}
 h - a potion of lignification {unknown}
 i - a potion of degeneration {unknown}


   Skills:
 + Level 3.2 Dodging
 - Level 2.4 Stealth
 + Level 5.0 Spellcasting
 + Level 2.1 Conjurations
 + Level 1.8 Hexes
 + Level 2.0 Summonings
 + Level 2.0 Translocations
 + Level 1.1 Fire Magic
 + Level 0.1 Air Magic
 + Level 1.2 Earth Magic
 + Level 0.3 Poison Magic


You had one spell level left.
You knew the following spells:

 Your Spells              Type           Power      Damage    Failure   Level
a - Magic Dart            Conj           56%        1d5       4%          1
b - Slow                  Hex            52%        N/A       4%          1
c - Blink                 Tloc           26%        N/A       7%          2
d - Call Imp              Summ           13%        N/A       7%          2
e - Conjure Flame         Conj/Fire      12%        6-21      17%         3
f - Mephitic Cloud        Conj/Pois/Air  9%         N/A       22%         3

Your spell library contained the following spells:

 Spells                   Type           Power      Damage    Failure   Level


Dungeon Overview and Level Annotations

Branches:
Dungeon (3/15)

Altars:
Cheibriados


Message History

The magic dart hits the orc.
You kill the orc!
The magic dart hits the orc priest but does no damage.
Casting: Magic Dart (safe; 4% risk of failure)
Confirm with . or Enter, or press ? or * to list all spells.
A beastly little devil appears in a puff of flame.
An orc comes into view. It is wielding a +0 falchion.
Your crimson imp hits the orc priest.
There is a stone staircase leading up, spattered with blood here.
The magic dart hits the orc priest.
The orc priest is moderately wounded.
Your crimson imp blinks!
The magic dart hits the orc priest.
The orc priest is moderately wounded.
The orc priest casts a cantrip, but nothing happens.
The magic dart hits the orc priest.
The orc priest is heavily wounded.
The orc priest hits you with a +0 dagger.
The magic dart hits the orc priest but does no damage.
The orc priest is heavily wounded.
The orc priest barely misses you.
The magic dart hits the orc priest.
The orc priest is heavily wounded.
The orc priest barely misses you.
Your crimson imp hits the orc priest.
The magic dart hits the orc priest.
The orc priest is almost dead.
The orc priest barely misses you.
Your crimson imp hits the orc priest but does no damage.
The magic dart hits the orc priest but does no damage.
The orc priest is almost dead.
The orc closely misses you.
The orc priest invokes the aid of Beogh against you.
Pain shoots through your body!
Ouch! That really hurt!
* * * LOW HITPOINT WARNING * * *
Your crimson imp completely misses the orc priest.
Unknown command.
The orc priest mumbles some strange prayers to Beogh against you.
Beogh smites you!
You die...

.) ..# #)#
#.#
##.######.#
##.........#
##.....######
##...5o..##
#..).@o...#
..'.........+
###.........#
##.......##
##.....##
.......
#........
......##.#


You could see an orc priest (ally target), an orc and a friendly crimson imp
(summoned).

Vanquished Creatures
  A water moccasin skeleton (D:2)
  3 gnolls
  A dart slug (D:1)
  3 orcs (D:3)
  4 ball pythons
  2 endoplasms (D:2)
  2 giant cockroaches
  5 hobgoblins
  5 kobolds
  2 quokkas
  2 frilled lizards
  2 goblins (D:1)
  2 rats (D:1)
34 creatures vanquished.

Vanquished Creatures (collateral kills)
  A gnoll (D:1)
  An adder (D:2)
  A worm (D:2)
3 creatures vanquished.

Grand Total: 37 creatures vanquished

Notes
Turn   | Place    | Note
-------+----------+-------------------------------------------
     0 | D:1      | siradein the Deep Elf Hedge Wizard began the quest for the
                  | Orb.
     0 | D:1      | Reached XP level 1. HP: 10/10 MP: 7/7
     2 | D:1      | Learned a level 1 spell: Slow
   403 | D:1      | Reached XP level 2. HP: 10/15 MP: 1/9
   410 | D:1      | Learned a level 2 spell: Blink
   413 | D:1      | Learned a level 2 spell: Call Imp
   634 | D:1      | Reached skill level 1 in Hexes
   953 | D:2      | Reached XP level 3. HP: 19/19 MP: 8/11
   959 | D:2      | Learned a level 3 spell: Conjure Flame
  1956 | D:2      | Reached XP level 4. HP: 18/24 MP: 0/12
  2090 | D:2      | Found a snail-covered altar of Cheibriados.
  2238 | D:2      | Reached skill level 5 in Spellcasting
  2238 | D:2      | Reached skill level 1 in Fire Magic
  2238 | D:2      | Reached skill level 1 in Earth Magic
  2366 | D:2      | Learned a level 3 spell: Mephitic Cloud
  2725 | D:3      | Killed from afar by an orc priest

Illustrated notes

Levels and vault maps discovered:
D:1:      mainiacjoe_arrival_reflecting_pool, layout_rooms
D:2:      layout_basic, basic_altar
D:3:      layout_loops_corners, ebering_ecumenical_altar_sacrificial,
          serial_shops, shop, serial_bayou_pond_c, grunt_ministairs_6,
          st_stairs_7, grunt_decor_clamped, moated_statue

Skill      XL: |  1  2  3  4 |
---------------+-------------+-----
Hexes          | 1 |  1.8
Dodging        | 3 |  3.2
Spellcasting   | 5 |  5.0
Conjurations   | 2 |  2.1
Translocations | 2 |  2.0
Fire Magic     | 1 |  1.1
Earth Magic    | 1 |  1.2
Summonings     | 2 |  2.0
Stealth        | |  2.4
Air Magic      | |  0.1
Poison Magic   | |  0.3

Action                   |  1- 3 |  4- 6 || total
-------------------------+-------+-------++-------
 Cast: Magic Dart        |    95 |    30 ||   125
       Call Imp          |     5 |     2 ||     7
       Blink             |     5 |       ||     5
Armor: Robe              |     8 |     1 ||     9
Dodge: Dodged            |    17 |    10 ||    27

Table legend: (Time is in decaauts)
 A = Elapsed time spent in this place.
 B = Non-inter-level travel time spent in this place.
 C = Inter-level travel time spent in this place.
 D = Time resting spent in this place.
 E = Time spent auto-exploring this place.
 F = Levels seen in this place.
 G = Mean time per level.
                   A        B        C        D        E       F      G
               +--------+--------+--------+--------+--------+-----+--------+
         Total |   2726 |   2690 |     36 |     11 |   2199 |   3 |  908.7 |
       Dungeon |   2726 |   2690 |     36 |     11 |   2199 |   3 |  908.7 |
               +--------+--------+--------+--------+--------+-----+--------+

Top non-repeatable levels by time:
     D:1: 1381 daAuts
     D:2: 1207 daAuts
     D:3: 137 daAuts
